TOP OF THE 1ST |
Delmarva Shorebirds batting - Pitching for Burlington Bees : RHP Chris Adams
|
Pitching: RHP Chris Adams
|
|
Batting: RHB Francisco Viera
|
0-0: Ball 1-0: Called Strike 1-1: Foul Ball, location: 2F 1-2: Fly out, F3 (Popup, 3SF, EV 66.9 MPH)
|
Batting: RHB Jeremy Sipe
|
0-0: Ball 1-0: Bunt missed! 1-1: Foul Ball, location: 2F 1-2: Ground out 6-3 (Groundball, 6S, EV 71.2 MPH)
|
Batting: LHB Tomas de Zeeuw
|
0-0: Fly out, F8 (Flyball, 78D, EV 100.6 MPH)
|
Top of the 1st over - 0 runs, 0 hits, 0 errors, 0 left on base; Delmarva 0 - Burlington 0 |
BOTTOM OF THE 1ST |
Burlington Bees batting - Pitching for Delmarva Shorebirds : LHP Freddy Gutierrez
|
Pitching: LHP Freddy Gutierrez
|
|
Batting: RHB Timoleon Tsikouna
|
0-0: Called Strike 0-1: Ground out 1-3 (Groundball, 13, EV 73.8 MPH)
|
Batting: RHB Danny Bjarnson
|
0-0: Ball 1-0: Fly out, F9 (Flyball, 9S, EV 76.9 MPH)
|
Batting: LHB Mark Reeg
|
0-0: Called Strike 0-1: Swinging Strike 0-2: DOUBLE (Line Drive, 89D, EV 102.5 MPH)
|
Batting: RHB Tomas Raya
|
0-0: Called Strike 0-1: Ball 1-1: Called Strike 1-2: Ball 2-2: Ball 3-2: SINGLE (Groundball, 5S, EV 71.9 MPH) (infield hit) Mark Reeg to third
|
Batting: LHB Brett Bugge
|
0-0: Ball 1-0: Swinging Strike 1-1: Called Strike 1-2: Ball 2-2: Foul Ball, location: 2F 2-2: Ball 3-2: Ground out 4-3 (Groundball, 34, EV 105.0 MPH)
|
Bottom of the 1st over - 0 runs, 2 hits, 0 errors, 2 left on base; Delmarva 0 - Burlington 0 |
TOP OF THE 2ND |
Delmarva Shorebirds batting - Pitching for Burlington Bees : RHP Chris Adams
|
Batting: LHB Justin Moore
|
0-0: Ball 1-0: Foul Ball, location: 2F 1-1: Ground out 4-3 (Groundball, 34, EV 108.1 MPH)
|
Batting: RHB Ray Sims
|
0-0: Ball 1-0: Called Strike 1-1: Called Strike 1-2: Strikes out swinging
|
Batting: LHB Miguel Medina
|
0-0: Ball 1-0: Ball 2-0: Called Strike 2-1: Called Strike 2-2: Foul Ball, location: 2F 2-2: Ball 3-2: Base on Balls
|
Batting: SHB Jared Boyce
|
0-0: Ball 1-0: Called Strike 1-1: Ball 2-1: Ground out 4-3 (Groundball, 34D, EV 102.5 MPH)
|
Top of the 2nd over - 0 runs, 0 hits, 0 errors, 1 left on base; Delmarva 0 - Burlington 0 |
BOTTOM OF THE 2ND |
Burlington Bees batting - Pitching for Delmarva Shorebirds : LHP Freddy Gutierrez
|
Batting: RHB Kinya Nishimura
|
0-0: Ground out 6-3 (Groundball, 6, EV 106.2 MPH)
|
Batting: RHB Davey Verhoog
|
0-0: Swinging Strike 0-1: Swinging Strike 0-2: Strikes out looking
|
Batting: RHB Malachi Ephron
|
0-0: Called Strike 0-1: Called Strike 0-2: Foul Ball, location: 2F 0-2: Foul Ball, location: 2F 0-2: Ball 1-2: Ball 2-2: Foul Ball, location: 2F 2-2: SINGLE (Groundball, 6MD, EV 106.2 MPH)
|
Batting: LHB Barrfhionn O'Toole
|
0-0: Ball 1-0: Ball 2-0: Foul Ball, location: 2F 2-1: Called Strike 2-2: Foul Ball, location: 2F 2-2: Ball 3-2: Base on Balls Malachi Ephron to second
|
Batting: RHB Timoleon Tsikouna
|
0-0: Swinging Strike 0-1: Foul Ball, location: 2F 0-2: Ball 1-2: Ground out U3 (Groundball, 3, EV 81.9 MPH)
|
Bottom of the 2nd over - 0 runs, 1 hit, 0 errors, 2 left on base; Delmarva 0 - Burlington 0 |
TOP OF THE 3RD |
Delmarva Shorebirds batting - Pitching for Burlington Bees : RHP Chris Adams
|
Batting: RHB Antonio Gamez
|
0-0: Foul Ball, location: 2F 0-1: Ground out 4-3 (Groundball, 4, EV 101.9 MPH)
|
Batting: RHB Lee Deason
|
0-0: Ball 1-0: Foul Ball, location: 2F 1-1: Ball 2-1: Ball 3-1: Base on Balls
|
Batting: RHB Francisco Viera
|
0-0: Called Strike 0-1: Called Strike 0-2: Strikes out swinging
|
Batting: RHB Jeremy Sipe
|
0-0: Swinging Strike 0-1: Called Strike 0-2: Ground out U3 (Groundball, 3L, EV 82.5 MPH)
|
Top of the 3rd over - 0 runs, 0 hits, 0 errors, 1 left on base; Delmarva 0 - Burlington 0 |
BOTTOM OF THE 3RD |
Burlington Bees batting - Pitching for Delmarva Shorebirds : LHP Freddy Gutierrez
|
Batting: RHB Danny Bjarnson
|
0-0: SINGLE (Line Drive, 34D, EV 102.5 MPH)
|
Batting: LHB Mark Reeg
|
0-0: Ball 1-0: Called Strike 1-1: Ball 2-1: Called Strike 2-2: Strikes out swinging
|
Batting: RHB Tomas Raya
|
0-0: Called Strike 0-1: Ball 1-1: Ball 2-1: Foul Ball, location: 2F 2-2: Strikes out swinging Danny Bjarnson is caught stealing 2nd base 2-4 Batter strikes out.
|
Bottom of the 3rd over - 0 runs, 1 hit, 0 errors, 0 left on base; Delmarva 0 - Burlington 0 |
TOP OF THE 4TH |
Delmarva Shorebirds batting - Pitching for Burlington Bees : RHP Chris Adams
|
Batting: LHB Tomas de Zeeuw
|
0-0: Called Strike 0-1: Ball 1-1: Foul Ball, location: 2F 1-2: Strikes out swinging
|
Batting: LHB Justin Moore
|
0-0: Ball 1-0: Ball 2-0: Ball 3-0: Base on Balls
|
Batting: RHB Ray Sims
|
0-0: Foul Ball, location: 2F 0-1: Foul Ball, location: 2F 0-2: Ball 1-2: Ball 2-2: SINGLE (Groundball, 25, EV 70.0 MPH) (infield hit) Justin Moore to second
|
Batting: LHB Miguel Medina
|
0-0: Foul Ball, location: 2F 0-1: Ball 1-1: Fielders Choice at 2nd, 4-6 (Groundball, 34D, EV 80.0 MPH) Justin Moore to third
|
Batting: SHB Jared Boyce
|
0-0: Ball 1-0: Ball 2-0: Ball Wild Pitch! Justin Moore scores Miguel Medina to second 3-0: Called Strike 3-1: Base on Balls
|
Batting: RHB Antonio Gamez
|
0-0: Ball 1-0: Ball 2-0: Fielders Choice at 2nd, 6-4 (Groundball, 6, EV 95.6 MPH)
|
Top of the 4th over - 1 run, 1 hit, 0 errors, 2 left on base; Delmarva 1 - Burlington 0 |
BOTTOM OF THE 4TH |
Burlington Bees batting - Pitching for Delmarva Shorebirds : LHP Freddy Gutierrez
|
Batting: LHB Brett Bugge
|
0-0: Foul Ball, location: 2F 0-1: Swinging Strike 0-2: Strikes out swinging
|
Batting: RHB Kinya Nishimura
|
0-0: Called Strike 0-1: SINGLE (Groundball, 25, EV 71.9 MPH) (infield hit)
|
Batting: RHB Davey Verhoog
|
0-0: Ball 1-0: Foul Ball, location: 2F 1-1: Ball 2-1: Foul Ball, location: 2F 2-2: Fielders Choice at 2nd, 6-4 (Groundball, 6, EV 83.8 MPH)
|
Batting: RHB Malachi Ephron
|
0-0: Ball 1-0: Foul Ball, location: 2F 1-1: Called Strike Davey Verhoog is caught stealing 2nd base 2-4
|
Bottom of the 4th over - 0 runs, 1 hit, 0 errors, 0 left on base; Delmarva 1 - Burlington 0 |
TOP OF THE 5TH |
Delmarva Shorebirds batting - Pitching for Burlington Bees : RHP Chris Adams
|
Batting: RHB Lee Deason
|
0-0: Called Strike 0-1: Ball 1-1: Ball 2-1: SINGLE (Groundball, 6MD, EV 105.6 MPH)
|
Batting: RHB Francisco Viera
|
0-0: SINGLE (Flyball, 8RS, EV 96.2 MPH) Lee Deason to second
|
Batting: RHB Jeremy Sipe
|
0-0: Ground out 6-3 (Groundball, 56, EV 101.9 MPH) Lee Deason to third Francisco Viera to second
|
Batting: LHB Tomas de Zeeuw
|
0-0: Ball 1-0: Called Strike 1-1: Ball 2-1: Ground out U3 (Groundball, 34S, EV 64.4 MPH)
|
Batting: LHB Justin Moore
|
0-0: Called Strike 0-1: Called Strike 0-2: Ball 1-2: Foul Ball, location: 2F 1-2: Ground out U3 (Groundball, 3L, EV 79.4 MPH)
|
Top of the 5th over - 0 runs, 2 hits, 0 errors, 2 left on base; Delmarva 1 - Burlington 0 |
BOTTOM OF THE 5TH |
Burlington Bees batting - Pitching for Delmarva Shorebirds : LHP Freddy Gutierrez
|
Batting: RHB Malachi Ephron
|
0-0: Ball 1-0: Fly out, F9 (Flyball, 9, EV 81.2 MPH)
|
Batting: LHB Barrfhionn O'Toole
|
0-0: Ball 1-0: Called Strike 1-1: Foul Ball, location: 2F 1-2: Ball 2-2: Fly out, F7 (Flyball, 78XD, EV 103.8 MPH)
|
Batting: RHB Timoleon Tsikouna
|
0-0: Foul Ball, location: 2F 0-1: Ball 1-1: Foul Ball, location: 2F 1-2: Foul Ball, location: 2F 1-2: Ball 2-2: Foul Ball, location: 2F 2-2: DOUBLE (Flyball, 78XD, EV 106.2 MPH)
|
Batting: RHB Danny Bjarnson
|
0-0: Ground out 6-3 (Groundball, 6, EV 80.6 MPH)
|
Bottom of the 5th over - 0 runs, 1 hit, 0 errors, 1 left on base; Delmarva 1 - Burlington 0 |
TOP OF THE 6TH |
Delmarva Shorebirds batting - Pitching for Burlington Bees : RHP Chris Adams
|
Batting: RHB Ray Sims
|
0-0: Foul Ball, location: 2F 0-1: Ball 1-1: Ball 2-1: Ball 3-1: Swinging Strike 3-2: Strikes out swinging
|
Batting: LHB Miguel Medina
|
0-0: Ground out 4-3 (Groundball, 4M, EV 104.4 MPH)
|
Batting: SHB Jared Boyce
|
0-0: Called Strike 0-1: Swinging Strike 0-2: Fly out, F8 (Flyball, 8LXD, EV 85.6 MPH)
|
Top of the 6th over - 0 runs, 0 hits, 0 errors, 0 left on base; Delmarva 1 - Burlington 0 |
BOTTOM OF THE 6TH |
Burlington Bees batting - Pitching for Delmarva Shorebirds : LHP Freddy Gutierrez
|
Batting: LHB Mark Reeg
|
0-0: Called Strike 0-1: Ground out 6-3 (Groundball, 6, EV 98.1 MPH)
|
Batting: RHB Tomas Raya
|
0-0: Ball 1-0: Called Strike 1-1: Ball 2-1: Called Strike 2-2: Strikes out swinging
|
Batting: LHB Brett Bugge
|
0-0: Called Strike 0-1: Ball 1-1: Foul Ball, location: 2F 1-2: Strikes out swinging
|
Bottom of the 6th over - 0 runs, 0 hits, 0 errors, 0 left on base; Delmarva 1 - Burlington 0 |
TOP OF THE 7TH |
Delmarva Shorebirds batting - Pitching for Burlington Bees : RHP Chris Adams
|
Batting: RHB Antonio Gamez
|
0-0: Ground out 6-3 (Groundball, 4M, EV 90.6 MPH)
|
Pitching: RHP Eddie Garabito
|
|
Pinch Hitting: LHB Eric Jackson
|
0-0: Called Strike 0-1: Foul Ball, location: 2F 0-2: Strikes out swinging
|
Batting: RHB Francisco Viera
|
0-0: Swinging Strike 0-1: Foul Ball, location: 2F 0-2: Strikes out swinging
|
Top of the 7th over - 0 runs, 0 hits, 0 errors, 0 left on base; Delmarva 1 - Burlington 0 |
BOTTOM OF THE 7TH |
Burlington Bees batting - Pitching for Delmarva Shorebirds : LHP Freddy Gutierrez
|
Pitching: LHP Randall Rennie
|
|
Now at SS: Andy Bridger
|
|
Batting: RHB Kinya Nishimura
|
0-0: Called Strike 0-1: Ball 1-1: Foul Ball, location: 2F 1-2: Ball 2-2: SINGLE (Groundball, 6MD, EV 98.8 MPH)
|
Batting: RHB Davey Verhoog
|
0-0: Sac Bunt to 2R - play at first, batter OUT! 2-3 Kinya Nishimura to second
|
Batting: RHB Malachi Ephron
|
0-0: Foul Ball, location: 2F 0-1: Ball 1-1: Ball 2-1: Called Strike 2-2: Ball 3-2: Ground out 5-3 (Groundball, 5S, EV 81.9 MPH)
|
Batting: LHB Barrfhionn O'Toole
|
0-0: Foul Ball, location: 2F 0-1: Ball 1-1: Called Strike 1-2: 2-RUN HOME RUN (Flyball, 89XD, EV 104.4 MPH), Distance : 407 ft
|
Batting: RHB Timoleon Tsikouna
|
0-0: Swinging Strike 0-1: Foul Ball, location: 2F 0-2: Ground out U3 (Groundball, 23, EV 78.1 MPH)
|
Bottom of the 7th over - 2 runs, 2 hits, 0 errors, 0 left on base; Delmarva 1 - Burlington 2 |
TOP OF THE 8TH |
Delmarva Shorebirds batting - Pitching for Burlington Bees : RHP Eddie Garabito
|
Batting: RHB Jeremy Sipe
|
0-0: Swinging Strike 0-1: Ball 1-1: Foul Ball, location: 2F 1-2: Ball 2-2: Ball 3-2: Base on Balls
|
Batting: LHB Tomas de Zeeuw
|
0-0: Foul Ball, location: 2F 0-1: Foul Ball, location: 2F 0-2: Ball 1-2: Ball 2-2: Strikes out swinging
|
Batting: LHB Justin Moore
|
0-0: Foul Ball, location: 2F 0-1: Foul Ball, location: 2F 0-2: Foul Ball, location: 2F 0-2: Strikes out swinging
|
Pinch Hitting: SHB Brian Bentz
|
0-0: Ball 1-0: Called Strike 1-1: Swinging Strike 1-2: Ball 2-2: Strikes out looking
|
Top of the 8th over - 0 runs, 0 hits, 0 errors, 1 left on base; Delmarva 1 - Burlington 2 |
BOTTOM OF THE 8TH |
Burlington Bees batting - Pitching for Delmarva Shorebirds : LHP Randall Rennie
|
Pitching: RHP Manny Rolfe
|
|
Now at 1B: Brian Bentz
|
|
Now in RF: Tomas de Zeeuw
|
|
Batting: RHB Danny Bjarnson
|
0-0: Ball 1-0: Ball 2-0: Ball 3-0: Called Strike 3-1: Called Strike 3-2: SINGLE (Line Drive, 34, EV 96.9 MPH)
|
Batting: LHB Mark Reeg
|
0-0: Reached on error, E4 (Groundball, 4, EV 99.4 MPH) Danny Bjarnson to second
|
Batting: RHB Tomas Raya
|
0-0: Ball Danny Bjarnson steals 3rd base Mark Reeg to second 1-0: Swinging Strike 1-1: Foul Ball, location: 2F 1-2: Strikes out swinging
|
Batting: LHB Brett Bugge
|
0-0: Intentional Walk
|
Batting: RHB Kinya Nishimura
|
0-0: Ball 1-0: Called Strike 1-1: Swinging Strike 1-2: Strikes out swinging
|
Batting: RHB Davey Verhoog
|
0-0: Swinging Strike 0-1: Ground out 4-3 (Groundball, 4, EV 101.9 MPH)
|
Bottom of the 8th over - 0 runs, 1 hit, 1 error, 3 left on base; Delmarva 1 - Burlington 2 |
TOP OF THE 9TH |
Delmarva Shorebirds batting - Pitching for Burlington Bees : RHP Eddie Garabito
|
Pitching: RHP Josh Reynolds
|
|
Now at 1B: Adam Barry
|
|
Batting: LHB Miguel Medina
|
0-0: Foul Ball, location: 2F 0-1: Ball 1-1: Called Strike 1-2: Strikes out swinging
|
Batting: SHB Jared Boyce
|
0-0: Swinging Strike 0-1: Ball 1-1: Fly out, F8 (Flyball, 8LM, EV 91.2 MPH)
|
Batting: RHB Antonio Gamez
|
0-0: Ball 1-0: Ball 2-0: Ball 3-0: Called Strike 3-1: SINGLE (Groundball, 4M, EV 102.5 MPH) (infield hit)
|
Pinch Hitting: RHB Steve Jones
|
0-0: Called Strike 0-1: Swinging Strike 0-2: Ball 1-2: Ground out U3 (Groundball, 3S, EV 81.2 MPH)
|
Top of the 9th over - 0 runs, 1 hit, 0 errors, 1 left on base; Delmarva 1 - Burlington 2 |
|